 Dungeon Crawl Stone Soup version 0.29-a0-823-gc37b1572da (webtiles) character file.

Game seed: 16755180093236920502

112 ytrimaz the Insei (level 4, 0/32 HPs)
             Began as a Demonspawn Transmuter on July 9, 2022.
             Succumbed to an adder's poison
             ... on level 2 of the Dungeon.
             The game lasted 00:03:08 (2889 turns).

ytrimaz the Insei (Demonspawn Transmuter)           Turns: 2889, Time: 00:03:08

Health: 0/32       AC:  2    Str:  8 (11) XL:     4   Next: 63%
Magic:  2/7        EV: 12    Int: 17 (18) God:
Gold:   117        SH:  0    Dex: 11 (13) Spells: 4/7 levels left

rFire   . . .      SeeInvis .     - Unarmed
rCold   . . .      Faith    .   (no shield)
rNeg    . . .      Spirit   +   a - +0 robe
rPois   .          Reflect  .   (helmet currently unavailable)
rElec   .          Harm     .   (no cloak)
rCorr   .          Rampage  .   (no gloves)
Will    .....                   (boots currently unavailable)
Stlth   +.........              j - amulet of guardian spirit
HPRegen 0.10/turn               (no ring)
MPRegen 0.10/turn               (no ring)

@: lethally poisoned (0 -> -4), appendages (expiring)
A: horns 2, talons 2, claws 1, clever 1
a: End Transformation


You were on level 2 of the Dungeon.
You had temporarily grown beastly horns and talons.
You visited 1 branch of the dungeon, and saw 2 of its levels.

You collected 117 gold pieces.

Inventory:

Armour
 a - a +0 robe (worn)
 b - a +0 helmet (melded)
 c - a +0 pair of gloves
Jewellery
 j - an amulet of guardian spirit (around neck)
Scrolls
 g - a scroll of enchant weapon {unknown}
 h - a scroll of silence {unknown}
 k - a scroll of brand weapon
Potions
 f - a potion of haste {unknown}
 i - a potion of might {unknown}


   Skills:
 - Level 1.1 Fighting
 - Level 2.7 Dodging
 + Level 4.4 Unarmed Combat
 - Level 2.0 Spellcasting
 - Level 1.7 Transmutations


You had 4 spell levels left.
You knew the following spells:

 Your Spells              Type           Power      Damage    Failure   Level
a - Beastly Appendage     Tmut           14%        N/A       10%         1
b - Wereblood             Tmut           7%         N/A       14%         2

Your spell library contained the following spells:

 Spells                   Type           Power      Damage    Failure   Level
 Spider Form              Tmut/Pois      4%         N/A       38%         3
 Ice Form                 Ice/Tmut       4%         N/A       80%         4


Dungeon Overview and Level Annotations

Branches:
Dungeon (2/15)

Altars:


Innate Abilities, Weirdness & Mutations

You have temporarily grown beastly horns and talons.
You have sharp fingernails.
Your mind is acute. (Int +4, Str/Dex -1)


Message History

The kobold shouts!
The adder closely misses you. The adder completely misses you.
The adder completely misses you.
You miss the adder. Your kick misses the adder. The adder barely misses you.
You claw the adder!
The adder is severely wounded.
The adder bites you.
You are poisoned.
The adder poisons you! The kobold hits you but does no damage.
You barely miss the kobold. Your kick misses the kobold.
Your headbutt misses the kobold.
Your transformation is almost over.
You feel sick. The adder bites you.
You are more poisoned.
The adder poisons you!
You barely miss the kobold.
You feel sick. The adder barely misses you.
The kobold hits you with a +1 whip of electrocution.
You are electrocuted!
* * * LOW HITPOINT WARNING * * *
The adder closely misses you.
You scratch the kobold but do no damage.
Your kick misses the kobold.
* * * LOW HITPOINT WARNING * * *
You feel sick. The kobold barely misses you. The adder barely misses you.
You closely miss the kobold.
* * * LOW HITPOINT WARNING * * *
You feel sick.
The kobold hits you with a +1 whip of electrocution.
* * * LOW HITPOINT WARNING * * *
The adder bites you but does no damage.
Unknown command.
It was a potion of degeneration.
There was something very wrong with that liquid.
You feel weakened.
You feel dopey.
You feel clumsy.
* * * LOW HITPOINT WARNING * * *
You feel sick. The adder barely misses you. The kobold closely misses you.
Unknown command.
It was a potion of mutation.
You feel extremely strange.
You feel clever.
You die...

#.....#
##.#
#.....#
#..#
#.....#
#.##
####### #.#
#†# ## #.#
.. #.#
...##.###.#
#....K@.)#
#.##.##S.#
#...$.#
####.## #$#
..# ####


You could see an adder and a kobold.

Vanquished Creatures
  Robin (D:2)
  4 gnolls (D:2)
  2 adders (D:2)
  A dart slug (D:1)
  7 ball pythons
  A bat (D:1)
  2 endoplasms (D:1)
  A hobgoblin (D:1)
  A quokka (D:2)
  A frilled lizard (D:2)
  14 goblins
  2 kobolds
  8 rats
45 creatures vanquished.

Vanquished Creatures (others)
  A plant (D:1)
1 creature vanquished.

Grand Total: 46 creatures vanquished

Notes
Turn   | Place    | Note
-------+----------+-------------------------------------------
     0 | D:1      | ytrimaz the Demonspawn Transmuter began the quest for the
                  | Orb.
     0 | D:1      | Reached XP level 1. HP: 15/15 MP: 3/3
   139 | D:1      | Reached skill level 3 in Unarmed Combat
   139 | D:1      | Gained mutation: You have sharp fingernails. [demonic
                  | ancestry]
   139 | D:1      | Reached XP level 2. HP: 18/21 MP: 5/5
   396 | D:1      | Found a faded altar of an unknown god.
  1011 | D:2      | Reached XP level 3. HP: 13/26 MP: 4/6
  1693 | D:2      | Reached skill level 4 in Unarmed Combat
  1988 | D:2      | Reached XP level 4. HP: 26/32 MP: 5/7
  2378 | D:2      | Noticed Robin
  2402 | D:2      | Killed Robin
  2626 | D:2      | Learned a level 2 spell: Wereblood
  2888 | D:2      | HP: 1/32 [poisoned by an adder]
  2889 | D:2      | Gained mutation: Your mind is acute. (Int +4, Str/Dex -1)
                  | [potion of mutation]
  2889 | D:2      | Succumbed to an adder's poison

Illustrated notes

Levels and vault maps discovered:
D:1:      lemuel_arrival_cross, layout_basic, dreamdust_ecumenical_altar_grove
D:2:      layout_loops_cross, uniq_robin, uniq_crazy_yiuf_cottage

Skill      XL: |  1  2  3 |
---------------+----------+-----
Dodging        | 2 |  2.7
Unarmed Combat | 3 4 |  4.4
Fighting       | |  1.1
Spellcasting   | |  2.0
Transmutations | |  1.7

Action                   |  1- 3 |  4- 6 || total
-------------------------+-------+-------++-------
Melee: Unarmed           |    67 |    40 ||   107
       Punch             |     2 |       ||     2
       Kick              |    15 |     6 ||    21
       Headbutt          |     3 |     2 ||     5
 Cast: Beastly Appendage |    24 |     5 ||    29
  Use: Scroll            |     1 |       ||     1
       Potion            |       |     3 ||     3
Armor: Robe              |    15 |     6 ||    21
       Skin              |       |     4 ||     4
Dodge: Dodged            |    52 |    21 ||    73

Table legend: (Time is in decaauts)
 A = Elapsed time spent in this place.
 B = Non-inter-level travel time spent in this place.
 C = Inter-level travel time spent in this place.
 D = Time resting spent in this place.
 E = Time spent auto-exploring this place.
 F = Levels seen in this place.
 G = Mean time per level.
                   A        B        C        D        E       F      G
               +--------+--------+--------+--------+--------+-----+--------+
         Total |   2882 |   2840 |     42 |    148 |   2315 |   2 | 1441.0 |
       Dungeon |   2882 |   2840 |     42 |    148 |   2315 |   2 | 1441.0 |
               +--------+--------+--------+--------+--------+-----+--------+

Top non-repeatable levels by time:
     D:2: 1818 daAuts
     D:1: 1064 daAuts
